 Dungeon Crawl Stone Soup version 0.30-a0-354-g6b83867211 (webtiles) character file.

Game seed: 15639595968482959031

932 wotkd0121004 the Sneak (level 8, 0/46 HPs)
             Began as an Octopode Earth Elementalist on Nov 7, 2022.
             Slain by a kobold brigand
             ... wielding a +0 whip
              (2 damage)
             ... in a sewer.
             The game lasted 00:13:10 (4462 turns).

wotkd0121004 the Sneak (OpEE)                       Turns: 4462, Time: 00:13:11

Health: 0/46       AC:  1    Str:  7    XL:     8   Next: 11%
Magic:  8/13       EV: 14    Int: 19    God:
Gold:   209        SH:  0    Dex: 13    Spells: 10/14 levels left

rFire   . . .      SeeInvis .    w - +1 dagger (venom)
rCold   . . .      Faith    .    (no shield)
rNeg    . . .      Spirit   .    (helmet restricted)
rPois   .          Reflect  .    (no amulet)
rElec   .          Harm     .    (no ring)
rCorr   .          Rampage  .    (no ring)
Will    .....                    (no ring)
Stlth   ++++......               (no ring)
HPRegen 0.27/turn                (no ring)
MPRegen 0.13/turn                (no ring)
                                 (no ring)
                                 (no ring)

@: lethally poisoned (0 -> -3), very slightly contaminated, slowed, very slow
A: almost no armour, amphibious, 8 rings, camouflage 1, gelatinous body 1,
(nimble swimmer 1), tentacles
a: no special abilities


You were in a sewer.
You visited 1 branch of the dungeon, and saw 5 of its levels.
You also visited: Sewer.

You collected 209 gold pieces.

Inventory:

Hand Weapons
 n - a +3 dagger
 w - a +1 dagger of venom (weapon)
Missiles
 h - 81 stones
 o - 3 atropa-tipped darts (quivered)
Magical Staves
 e - a staff of poison
Wands
 b - a wand of iceblast (3)
Scrolls
 c - a scroll of teleportation
 d - 2 scrolls of enchant weapon
 k - a scroll of identify
 p - a scroll of amnesia {unknown}
 r - 2 scrolls of enchant armour
 s - a scroll of noise {unknown}
 t - a scroll of summoning {unknown}
 v - a scroll of poison {unknown}
Potions
 a - 2 potions of magic
 f - 3 potions of heal wounds
 g - 2 potions of invisibility {unknown}
 i - a potion of mutation {unknown}
 j - a potion of might {unknown}
 l - 5 potions of curing
 m - 3 potions of flight
 q - a potion of ambrosia
 u - a potion of brilliance {unknown}
 x - 2 potions of lignification {unknown}
 z - a potion of haste {unknown}
Miscellaneous
 y - a piece from Xom's chessboard (15/15)


   Skills:
 + Level 4.1 Dodging
 + Level 6.1 Stealth
 + Level 3.8 Spellcasting
 + Level 3.7 Transmutations
 + Level 4.7 Earth Magic
 + Level 3.2 Evocations


You had 10 spell levels left.
You knew the following spells:

 Your Spells              Type           Power      Damage    Failure   Level
a - Sandblast             Erth           42%        2d11      1%          1
b - Stone Arrow           Conj/Erth      24%        3d8       16%         3

Your spell library contained the following spells:

 Spells                   Type           Power      Damage    Failure   Level
 Passwall                 Tmut/Erth      15%        N/A       3%          2
 Summon Small Mammal      Summ           12%        N/A       14%         1
 Petrify                  Tmut/Erth      19%        N/A       24%         4
 Call Canine Familiar     Summ           3%         N/A       38%         3
 Gell's Gravitas          Tloc           3%         N/A       38%         3
 Lesser Beckoning         Tloc           6%         N/A       38%         3
 Portal Projectile        Hex/Tloc       6%         N/A       38%         3
 Summon Guardian Golem    Hex/Summ       3%         N/A       38%         3
 Teleport Other           Tloc           3%         N/A       38%         3
 Tukima's Dance           Hex            3%         N/A       38%         3
 Blade Hands              Tmut           8%         N/A       63%         5


Dungeon Overview and Level Annotations

Branches:
Dungeon (5/15)              Sewer (1/1)
 Temple: D:4-7

Altars:
Uskayaw
Zin

Annotations:
D:4 1 runed translucent door, Crazy Yiuf


Innate Abilities, Weirdness & Mutations

You cannot wear most types of armour.
You are amphibious.
You can wear up to eight rings at the same time.
Your skin changes colour to match your surroundings (Stealth+).
Your rubbery body absorbs attacks. (AC +1, EV +1)
((You are camouflaged when in or above water. (Stealth+)))
You have tentacles for arms and can constrict up to eight enemies at once.


Message History

Aim: a kobold brigand, wielding a +0 short sword and quivering poisoned darts (almost dead, 79% to hit)
The blast of sand hits the kobold.
You kill the kobold!
The kobold brigand throws a curare-tipped dart.
The curare-tipped dart hits you.
You are poisoned.
You have difficulty breathing.
You feel yourself slow down.
Casting: Sandblast (safe; 1% risk of failure)
Confirm with . or Enter, or press ? or * to list all spells.
Aiming: Sandblast (safe; 1% risk of failure)
Press: ? - help, Shift-Dir - straight line, f/p - kobold brigand
Aim: a kobold brigand, wielding a +0 short sword and quivering poisoned darts (almost dead, 79% to hit)
The blast of sand hits the kobold brigand.
You kill the kobold brigand!
You feel extremely sick.
The kobold brigand throws a curare-tipped dart.
The curare-tipped dart closely misses you.
Casting: Sandblast (safe; 1% risk of failure)
Confirm with . or Enter, or press ? or * to list all spells.
Aiming: Sandblast (safe; 1% risk of failure)
Press: ? - help, Shift-Dir - straight line, f - kobold brigand
Aim: a kobold brigand, wielding a +0 whip and quivering curare-tipped darts (79% to hit)
The blast of sand hits the kobold brigand but does no damage.
You feel very sick.
A nearby plant withers and dies.
The kobold brigand hits you with a +0 whip.
* * * LOW HITPOINT WARNING * * *
The kobold brigand misses you.
Casting: Sandblast (safe; 1% risk of failure)
Confirm with . or Enter, or press ? or * to list all spells.
Aiming: Sandblast (safe; 1% risk of failure)
Press: ? - help, Shift-Dir - straight line, f/p - kobold brigand
Aim: a kobold brigand, wielding a +0 whip and quivering curare-tipped darts (79% to hit)
You miscast Sandblast.
You are very lightly contaminated with residual magic.
Nothing appears to happen.
You feel sick.
The kobold brigand hits you with a +0 whip!
* * * LOW HITPOINT WARNING * * *
The kobold brigand hits you with a +0 whip.
You die...

#......#~≈~~P......##
#......#~≈~~~~......#
#......#~≈~~~~....P.#
#......#~≈~#P~~....##
#....~~#~~~#~~.....#
##...~~#~≈~#P......#
##...P~~~≈~#.......#
#....~~~~≈~#.......#
###...P#~≈~#@PK....#
#....#~≈~#KKK..###
##''##~~~##''###
#.)..#~≈~#!...#
#....#~≈~#..!.#
#.)∩.#~≈~#!∩..#
#....#~≈~#K..[#
######~≈~######
#...'~~~#


You could see 2 kobold brigands and 2 kobolds.

Vanquished Creatures
  A water moccasin (D:4)
  An ice beast (D:5)
  A black bear (D:4)
  2 kobold brigands (Sewer)
  A necrophage (D:4)
  3 hounds
  An orc priest (D:3)
  A jelly (D:5)
  An iguana (D:5)
  An orc wizard (D:3)
  Robin (D:3)
  10 adders
  A shadow imp (D:5)
  5 dart slugs
  7 orcs
  9 bats
  6 endoplasms
  3 giant cockroaches
  14 goblins
  9 hobgoblins
  8 jackals (D:1)
  3 quokkas (D:2)
  10 ball pythons
  2 frilled lizards
  16 kobolds
  7 rats
124 creatures vanquished.

Vanquished Creatures (others)
  A plant (Sewer)
1 creature vanquished.

Grand Total: 125 creatures vanquished

Notes
Turn   | Place    | Note
-------+----------+-------------------------------------------
     0 | D:1      | wotkd0121004 the Octopode Earth Elementalist began the
                  | quest for the Orb.
     0 | D:1      | Reached XP level 1. HP: 11/11 MP: 3/3
   116 | D:1      | Reached XP level 2. HP: 17/17 MP: 0/5
   196 | D:1      | Reached skill level 3 in Stealth
   669 | D:1      | Reached XP level 3. HP: 16/21 MP: 0/6
  1141 | D:2      | Found a faded altar of an unknown god.
  1267 | D:2      | Reached XP level 4. HP: 27/27 MP: 3/7
  1399 | D:2      | Found a glowing silver altar of Zin.
  1633 | D:2      | Learned a level 3 spell: Stone Arrow
  1846 | D:3      | Reached skill level 4 in Stealth
  1846 | D:3      | Reached XP level 5. HP: 31/31 MP: 4/8
  1852 | D:3      | Reached skill level 1 in Evocations
  2132 | D:3      | Noticed Robin
  2141 | D:3      | Killed Robin
  2458 | D:3      | Found a hide-covered altar of Uskayaw.
  2805 | D:4      | Found a runed translucent door.
  2806 | D:4      | Noticed Crazy Yiuf
  2857 | D:4      | Reached XP level 6. HP: 34/36 MP: 4/10
  3145 | D:4      | Noticed a water moccasin
  3152 | D:4      | Killed a water moccasin
  3186 | D:4      | Reached skill level 5 in Stealth
  3249 | D:4      | Noticed a black bear
  3292 | D:4      | Reached XP level 7. HP: 34/41 MP: 5/11
  3632 | D:5      | Entered Level 5 of the Dungeon
  3854 | D:5      | Noticed a yak
  3854 | D:5      | Noticed a yak
  3857 | D:5      | Noticed a yak
  4044 | D:5      | Found a glowing drain.
  4055 | D:5      | HP: 2/41 [acid (9)]
  4079 | Sewer    | Entered a sewer
  4415 | Sewer    | Reached skill level 6 in Stealth
  4415 | Sewer    | Reached XP level 8. HP: 40/46 MP: 13/13
  4462 | Sewer    | HP: 2/46 [kobold brigand/+0 whip (8)]
  4462 | Sewer    | Slain by a kobold brigand

Illustrated notes

Levels and vault maps discovered:
D:1:      minmay_arrival_jagged, layout_basic, minmay_pentomino_o2
D:2:      layout_basic, basic_altar, dreamdust_ecumenical_altar_grove,
          grunt_ministairs_8
D:3:      layout_loops_cross, overflow_temple_1_default, serial_bayou_pond_a,
          uniq_robin
D:4:      layout_basic, lightli_corner_chamber, uniq_crazy_yiuf_cottage
D:5:      layout_cave_pools, gup_sewer_entry_glass, hellmonk_bongcloud_opening
Sewer:    kennysheep_pipe_town

Skill      XL: |  1  2  3  4  5  6  7 |
---------------+----------------------+-----
Stealth        | 3 4 5 6 |  6.1
Transmutations | 2 3 |  3.7
Evocations     | 1 2 3 |  3.2
Dodging        | 3 4 |  4.1
Spellcasting   | 3 |  3.8
Earth Magic    | 4 |  4.7

Action                   |  1- 3 |  4- 6 |  7- 9 || total
-------------------------+-------+-------+-------++-------
Melee: Unarmed           |    16 |       |       ||    16
       Constrict         |    18 |       |     3 ||    21
       Tentacles         |    13 |       |     3 ||    16
       Staff             |    40 |     1 |       ||    41
       Club              |     9 |       |       ||     9
       Punch             |     1 |       |       ||     1
       Dagger            |       |     8 |    23 ||    31
 Cast: Sandblast         |    22 |    76 |    43 ||   141
Evoke: Wand              |       |     2 |     3 ||     5
  Use: Scroll            |     2 |     8 |     3 ||    13
       Potion            |       |     1 |     2 ||     3
 Stab: Sleeping          |     7 |     1 |     8 ||    16
Armor: Skin              |    13 |     1 |     7 ||    21
Dodge: Dodged            |    63 |    28 |    61 ||   152

Table legend: (Time is in decaauts)
 A = Elapsed time spent in this place.
 B = Non-inter-level travel time spent in this place.
 C = Inter-level travel time spent in this place.
 D = Time resting spent in this place.
 E = Time spent auto-exploring this place.
 F = Levels seen in this place.
 G = Mean time per level.
                   A        B        C        D        E       F      G
               +--------+--------+--------+--------+--------+-----+--------+
         Total |   4542 |   4400 |    142 |    580 |   2854 |   6 |  757.0 |
       Dungeon |   4152 |   4010 |    142 |    457 |   2672 |   5 |  830.4 |
         Sewer |    389 |    389 |      0 |    123 |    182 |   1 |  389.0 |
               +--------+--------+--------+--------+--------+-----+--------+

Top non-repeatable levels by time:
     D:4: 1178 daAuts
     D:1: 1141 daAuts
     D:3: 916 daAuts
     D:2: 624 daAuts
   Sewer: 389 daAuts
     D:5: 291 daAuts
